 Dungeon Crawl Stone Soup version 0.23.0 (webtiles) character file.

Game seed: 13970210290909178739

4303 Borgoz the Fighter (level 10, -9/71 HPs)
             Began as a Gargoyle Gladiator on Feb 9, 2019.
             Was a Follower of Ashenzari.
             Killed by divine providence
             ... invoked by an orc priest
              (11 damage)
             ... on level 9 of the Dungeon.
             The game lasted 00:17:07 (7501 turns).

Borgoz the Fighter (Gargoyle Gladiator)             Turns: 7501, Time: 00:17:08

Health: -9/71      AC: 14    Str: 22    XL:     10   Next: 32%
Magic:  10/10      EV: 15    Int: 10    God:    Ashenzari [*.....]
Gold:   414        SH:  4    Dex: 14    Spells: 9/9 levels left

rFire    . . .     SeeInvis +   a - +4 war axe
rCold    . . .     Gourm    .   (no shield)
rNeg     + . .     Faith    .   u - +0 leather armour
rPois    ∞         Spirit   .   c - +0 helmet
rElec    +         Reflect  .   (no cloak)
rCorr    +         Harm     .   s - +2 pair of gloves
MR       .....                  (no boots)
Stlth    +.........             k - amulet of the acrobat
HPRegen  0.21/turn              p - ring of resist corrosion
MPRegen  0.12/turn              B - ring of see invisible

@: mighty
A: large bone plates 1, deformed body, negative energy resistance 1, robust 1,
electricity resistance, unbreathing, petrification resistance, rot immunity, AC
+7
a: Curse Item, Scrying, Renounce Religion


You were on level 9 of the Dungeon.
You worshipped Ashenzari.
Ashenzari was aware of your devotion.
You were not hungry.

You visited 2 branches of the dungeon, and saw 10 of its levels.
You also visited: Sewer.

You collected 414 gold pieces.

Inventory:

Hand Weapons
 a - a +4 war axe (weapon)
 b - a +0 blowgun
 n - a +0 whip of distortion
Missiles
 d - 3 throwing nets (quivered)
 i - 19 poisoned needles
 r - 3 tomahawks
Armour
 c - a +0 helmet (worn)
 o - a cursed +0 helmet
 q - a scarf of spirit shield
 s - a +2 pair of gloves (worn)
 u - a +0 leather armour (worn)
Jewellery
 k - an amulet of the acrobat (around neck)
 p - a ring of resist corrosion (left hand)
 x - an uncursed ring of ice
 B - a ring of see invisible (right hand)
Wands
 z - a wand of digging (8)
 E - a wand of paralysis (10)
Scrolls
 h - 6 scrolls of remove curse
 j - 7 scrolls of identify
 m - 6 scrolls of enchant weapon
 v - 2 scrolls of magic mapping
 y - a scroll of fear {unknown}
 D - a scroll of enchant armour {unknown}
Potions
 e - 2 potions of flight
 l - 4 potions of curing
 F - a potion of mutation
Comestibles
 f - 11 rations
 t - 2 chunks of flesh


   Skills:
 + Level 8.4 Fighting
 + Level 7.2 Axes
 - Level 1.7 Throwing
 + Level 7.9 Armour
 + Level 6.6 Dodging


You had 9 spell levels left.
You didn't know any spells.
Your spell library contained the following spells:

 Spells                   Type           Power        Failure   Level  Hunger
 Confusing Touch          Hex            #.....       38%         1    ##.....
 Corona                   Hex            #......      38%         1    ##.....
 Summon Small Mammal      Summ           #...         38%         1    ##.....
 Call Imp                 Summ           #.......     54%         2    ###....
 Ensorcelled Hibernation  Hex/Ice        #.....       54%         2    ###....
 Call Canine Familiar     Summ           #.......     77%         3    ####...
 Confuse                  Hex            #.......     77%         3    ####...
 Dazzling Spray           Conj/Hex       #.....       77%         3    ####...
 Gell's Gravitas          Tloc           #.........   77%         3    ####...
 Summon Guardian Golem    Hex/Summ       #.......     77%         3    ####...
 Tukima's Dance           Hex            #.......     77%         3    ####...
 Petrify                  Tmut/Erth      #.......     99%         4    #####..
 Summon Ice Beast         Ice/Summ       #.......     99%         4    #####..
 Summon Lightning Spire   Summ/Air       #.......     99%         4    #####..
 Metabolic Englaciation   Hex/Ice        #.........   100%        5    ######.
 Yara's Violent Unravell  Hex/Tmut       #.........   100%        5    ######.


Dungeon Overview and Level Annotations

Branches:
Dungeon (9/15)             Temple (1/1) D:4            Lair (0/6) D:8
    Orc: D:9-12

Altars:
Ashenzari
Cheibriados
Dithmenos
Elyvilon
Fedhas
Gozag
Hepliaklqana
Kikubaaqudgha
Makhleb
Nemelex Xobeh
Okawaru
Qazlal
Sif Muna
Trog
Uskayaw
Vehumet
Wu Jian
Xom
Yredelemnul
Zin
The Shining One

Shops:
D:4 }   D:6 :

Annotations:
D:5 Pikel, Prince Ribbit
D:8 2 transporters, Borgoz's ghost, novice GrGl


Innate Abilities, Weirdness & Mutations

You are resistant to torment.
Your stone body is resilient. (AC +7)
You are immune to poison.
You resist negative energy. (rN+)
You are resistant to electric shocks. (rElec)
You can survive without breathing.
You are immune to petrification.
You are immune to rotting.
You are partially covered in large bone plates. (SH +4)
Armour fits poorly on your strangely shaped body.
You are robust. (+10% HP)


Message History

The steam dragon moves out of view.
You hear a shout! x2
Okay, then.
It was a potion of might.
You feel very mighty all of a sudden.
You are engulfed in a cloud of scalding steam.
* * * LOW HITPOINT WARNING * * *
You slash the troll!
The troll is moderately wounded.
You are engulfed in a cloud of scalding steam.
* * * LOW HITPOINT WARNING * * *
You barely miss the troll.
The troll is moderately wounded.
You are engulfed in a cloud of scalding steam.
* * * LOW HITPOINT WARNING * * *
The troll barely misses you. The troll claws you but does no damage.
You block the troll's attack.
The orc priest mumbles some strange prayers to Beogh against you.
Beogh smites you!
You die...

### #.# #.# #.#
#####.###.##.
#..@To.......#
###§###.###.##.#
..§.....o...##.####
...................#
#D#...###o###.##.##.#
# #.# #o# #.##.##[# #
#.# #.##.##.#
#g###..#.##.###
#.g...ggz.....#


You could see a troll, an orc priest and an orc.

Vanquished Creatures
  Grinder (D:5)
  A hippogriff (D:6)
  A wyvern (D:6)
  Duvessa (D:4)
  5 porcupines (D:8)
  2 ice beasts
  4 sky beasts
  A phantom (D:7)
  5 ogres
  2 black bears
  A centaur (D:5)
  A crocodile (D:8)
  A big kobold (Sewer)
  3 bullfrogs
  Dowan (D:4)
  A scorpion (D:4)
  6 howler monkeys
  7 wights
  4 crimson imps
  2 quasits
  A hound (D:7)
  A bullfrog skeleton (D:8)
  5 iguanas
  3 orc wizards
  Jessica (D:2)
  6 worker ants
  A hound zombie (D:8)
  A hound skeleton (D:5)
  A howler monkey zombie (D:6)
  7 gnolls
  6 adders
  3 river rats
  2 dart slugs
  5 leopard geckos
  10 orcs
  6 giant cockroaches
  13 goblins
  9 hobgoblins
  18 jackals
  10 kobolds
  A quokka (D:5)
  4 ball pythons
  12 bats
  3 frilled lizards
  A leopard gecko skeleton (D:8)
  A quokka skeleton (D:7)
  12 rats
193 creatures vanquished.

Vanquished Creatures (others)
  24 fungi (D:8)
  10 plants (D:8)
34 creatures vanquished.

Grand Total: 227 creatures vanquished

Notes
Turn   | Place    | Note
-------+----------+-------------------------------------------
     0 | D:1      | Borgoz the Gargoyle Gladiator began the quest for the Orb.
     0 | D:1      | Reached XP level 1. HP: 12/12 MP: 1/1
   100 | D:1      | Reached XP level 2. HP: 7/18 MP: 2/2
   347 | D:1      | Reached skill level 1 in Armour
   422 | D:1      | Reached XP level 3. HP: 22/22 MP: 3/3
  1221 | D:2      | Reached XP level 4. HP: 23/27 MP: 4/4
  1223 | D:2      | Noticed Jessica
  1237 | D:2      | Killed Jessica
  1237 | D:2      | Reached skill level 3 in Fighting
  1451 | D:3      | Found a faded altar of an unknown god.
  1624 | D:3      | Reached XP level 5. HP: 28/32 MP: 5/5
  1749 | D:3      | Found an iron altar of Okawaru.
  2030 | D:4      | Noticed a sky beast
  2045 | D:4      | Killed a sky beast
  2048 | D:4      | Reached XP level 6. HP: 13/38 MP: 6/6
  2050 | D:4      | Found a stormy altar of Qazlal.
  2106 | D:4      | Reached skill level 4 in Fighting
  2468 | D:4      | Found Likatoegg's Gadget Shoppe.
  2526 | D:4      | Noticed Dowan
  2526 | D:4      | Noticed Duvessa
  2533 | D:4      | Gained mutation: You are partially covered in large bone
                  | plates. (SH +4) [potion of mutation]
  2533 | D:4      | Gained mutation: Armour fits poorly on your strangely
                  | shaped body. [potion of mutation]
  2533 | D:4      | Gained mutation: You are robust. (+10% HP) [potion of
                  | mutation]
  2544 | D:4      | Reached XP level 7. HP: 39/48 MP: 7/7
  2547 | D:4      | Killed Duvessa
  2562 | D:4      | Killed Dowan
  2728 | D:4      | Found a staircase to the Ecumenical Temple.
  2737 | Temple   | Entered the Ecumenical Temple
  2800 | Temple   | Became a worshipper of Ashenzari the Shackled
  3015 | D:5      | Entered Level 5 of the Dungeon
  3120 | D:5      | Found a shattered altar of Ashenzari.
  3150 | D:5      | Noticed Grinder
  3171 | D:5      | Paralysed by Grinder for 5 turns
  3178 | D:5      | Killed Grinder
  3178 | D:5      | Reached skill level 5 in Fighting
  3396 | D:5      | Reached XP level 8. HP: 53/53 MP: 8/8
  3589 | D:5      | Reached skill level 5 in Axes
  3902 | D:5      | Noticed Prince Ribbit
  4092 | D:5      | Noticed Pikel
  4513 | D:6      | Reached skill level 5 in Armour
  4574 | D:6      | Found a glowing drain.
  4587 | Sewer    | Entered a sewer
  4710 | Sewer    | Found a glowing silver altar of Zin.
  4792 | D:6      | Noticed a wyvern
  4801 | D:6      | Killed a wyvern
  4801 | D:6      | Reached skill level 6 in Fighting
  4801 | D:6      | Reached skill level 5 in Dodging
  4803 | D:6      | Found Xacaut's Book Shop.
  4842 | D:6      | Found a shadowy altar of Dithmenos.
  4844 | D:6      | Found a hide-covered altar of Uskayaw.
  4846 | D:6      | Found an ornate altar of the Wu Jian Council.
  4870 | D:6      | Found an opulent altar of Gozag.
  4963 | D:6      | Reached XP level 9. HP: 58/61 MP: 9/9
  5085 | D:6      | Found a basalt altar of Yredelemnul.
  5457 | D:7      | Reached skill level 7 in Fighting
  5987 | D:8      | Reached * piety under Ashenzari
  5990 | D:8      | Found a transporter.
  5992 | D:8      | Noticed Borgoz's ghost (novice GrGl)
  5994 | D:8      | Found a transporter.
  6557 | D:8      | Reached XP level 10. HP: 49/70 MP: 10/10
  6684 | D:8      | Found a staircase to the Lair.
  6701 | D:8      | Reached skill level 8 in Fighting
  7243 | D:9      | Noticed a two-headed ogre
  7501 | D:9      | HP: 2/71 [something] (5)]
  7501 | D:9      | Killed from afar by an orc priest

Skill      XL: |  1  2  3  4  5  6  7  8  9 10 |
---------------+-------------------------------+-----
Armour         | 1 2 3 4 5 7 |  7.9
Axes           | 3 4 5 6 7 |  7.2
Fighting       | 3 4 5 6 7 8 |  8.4
Dodging        | 3 4 5 6 |  6.6
Throwing       | |  1.7

Action                   |  1- 3 |  4- 6 |  7- 9 | 10-12 || total
-------------------------+-------+-------+-------+-------++-------
Melee: War axe           |   139 |   151 |   373 |   109 ||   772
  Use: Scroll            |       |     1 |    13 |     1 ||    15
       Potion            |       |     5 |     3 |     2 ||    10
 Stab: Invisible         |       |     3 |     2 |       ||     5
       Distracted        |       |       |     1 |       ||     1
  Eat: Chunk             |     1 |     4 |    11 |     3 ||    19
       Ration            |       |       |     1 |       ||     1
Armor: Leather armour    |    94 |    77 |   154 |    58 ||   383
Dodge: Dodged            |   136 |   133 |   322 |   117 ||   708
Block: Other             |       |     3 |    74 |    25 ||   102
